 Dungeon Crawl Stone Soup version 0.28-a0-1506-g3893175d92 (webtiles) character file.

Game seed: 15572188986475707901

16652 flotson the Fighter (level 12, 0/97 HPs)
             Began as a Demonspawn Gladiator on Jan 13, 2022.
             Was an Initiate of Gozag.
             Slain by a yak (11 damage)
             ... led by a torpor snail
             ... on level 2 of the Lair of Beasts.
             The game lasted 00:26:58 (19416 turns).

flotson the Fighter (Demonspawn Gladiator)         Turns: 19416, Time: 00:26:59

Health: 0/97       AC: 18    Str: 20    XL:     12   Next: 11%
Magic:  12/12      EV:  9    Int:  9    God:    Gozag
Gold:   1311       SH: 14    Dex: 21    Spells: 11/11 levels left

rFire   . . .      SeeInvis .   a - +1 war axe (elec)
rCold   + . .      Faith    .   F - +2 tower shield {rPois}
rNeg    . . .      Spirit   .   M - +2 chain mail {rC+}
rPois   +          Reflect  .   (helmet restricted)
rElec   .          Harm     .   N - +1 cloak
rCorr   +          Rampage  .   (no gloves)
Will    .....                   (no boots)
Stlth   ..........              (no amulet)
HPRegen 0.26/turn               e - +6 ring of dexterity
MPRegen 0.13/turn               D - ring of resist corrosion

@: no status effects
A: horns 2, slimy green scales 2, augmentation 1, demonic magic 1
a: Renounce Religion, Potion Petition, Call Merchant, Bribe Branch


You were on level 2 of the Lair of Beasts.
You worshipped Gozag.
Gozag was most pleased with you.
You visited 3 branches of the dungeon, and saw 13 of its levels.

You collected 1940 gold pieces.
You spent 84 gold pieces at shops.
You paid 545 gold pieces to Gozag.

Inventory:

Hand Weapons
 a - a +1 war axe of electrocution (weapon)
 b - a +2 mace of protection
 w - a +4 scimitar of flaming
 J - a +1 war axe of flaming
 K - a +1 whip of electrocution
 O - a +6 vorpal spear
Missiles
 n - 22 poisoned darts (quivered)
 s - 5 curare-tipped darts
 E - 127 bolts
Armour
 F - a +2 tower shield of poison resistance (worn)
 M - a +2 chain mail of cold resistance (worn)
 N - a +1 cloak (worn)
Jewellery
 d - a ring of ice
 e - a +6 ring of dexterity (left hand)
 D - a ring of resist corrosion (right hand)
Wands
 v - a wand of flame (19)
 G - a wand of acid (10)
 I - a wand of iceblast (10)
 L - a wand of polymorph (1)
 R - a wand of paralysis (5)
Scrolls
 c - a scroll of torment {unknown}
 g - 3 scrolls of blinking {unknown}
 h - 6 scrolls of identify
 j - 3 scrolls of vulnerability {unknown}
 l - 2 scrolls of acquirement {unknown}
 m - a scroll of magic mapping {unknown}
 t - a scroll of holy word {unknown}
 x - a scroll of enchant armour {unknown}
 y - 3 scrolls of immolation {unknown}
 z - a scroll of brand weapon {unknown}
 B - 2 scrolls of teleportation
 C - a scroll of summoning {unknown}
 Q - 6 scrolls of enchant weapon
Potions
 k - 2 potions of mutation
 o - a potion of attraction {unknown}
 p - a potion of cancellation
 q - a potion of heal wounds
 r - 5 potions of haste
 u - a potion of resistance
 A - 5 potions of curing
 H - a potion of lignification
 P - 2 potions of might
Miscellaneous
 i - a phial of floods


   Skills:
 + Level 9.8 Fighting
 - Level 5.2 Axes
 + Level 8.3 Crossbows
 - Level 3.2 Throwing
 + Level 8.8 Armour
 + Level 9.3 Dodging
 - Level 3.1 Evocations


You had 11 spell levels left.
You didn't know any spells.
Your spell library contained the following spells:

 Spells                   Type           Power      Damage    Failure   Level
 Animate Skeleton         Necr           0%         N/A       100%        1
 Freeze                   Ice            0%         1d3       100%        1
 Magic Dart               Conj           0%         1d3       100%        1
 Pain                     Necr           0%         1d4       100%        1
 Call Imp                 Summ           0%         N/A       100%        2
 Corpse Rot               Necr/Air       0%         N/A       100%        2
 Poisonous Vapours        Pois/Air       0%         N/A       100%        2
 Static Discharge         Conj/Air       0%         N/A       100%        2
 Sublimation of Blood     Necr           0%         N/A       100%        2
 Frozen Ramparts          Ice            0%         1d2       100%        3
 Mephitic Cloud           Conj/Pois/Air  0%         N/A       100%        3
 Vampiric Draining        Necr           0%         2d6       100%        3
 Hailstorm                Conj/Ice       0%         3d3       100%        4
 Petrify                  Tmut/Erth      0%         N/A       100%        4
 Freezing Cloud           Conj/Ice/Air   0%         6-21      100%        5
 Irradiate                Conj/Tmut      0%         3d13      100%        5
 Lightning Bolt           Conj/Air       0%         1d11      100%        5
 Summon Forest            Summ/Tloc      0%         N/A       100%        5
 Eringya's Noxious Bog    Tmut/Pois      0%         N/A       100%        6
 Simulacrum               Ice/Necr       0%         N/A       100%        6
 Summon Hydra             Summ           0%         N/A       100%        7
 Maxwell's Capacitive Co  Air            0%         ∞         100%        8
 Polar Vortex             Ice            0%         N/A       100%        9


Dungeon Overview and Level Annotations

Branches:
Dungeon (10/15)            Temple (1/1) D:5            Lair (2/6) D:10
 Spider (0/4) Lair:2          Orc (0/2) D:10
  Swamp: Lair:2-4    Shoals: Lair:2-4

Altars:
Ashenzari
Cheibriados
Dithmenos
Elyvilon
Fedhas
Gozag
Hepliaklqana
Kikubaaqudgha
Makhleb
Nemelex Xobeh
Okawaru
Qazlal
Ru
Sif Muna
Trog
Uskayaw
Vehumet
Wu Jian
Xom
Yredelemnul
Zin
The Shining One

Shops:
D:4 *   D:5 (   D:10 (


Innate Abilities, Weirdness & Mutations

You have a pair of horns on your head.
You are mostly covered in slimy green scales. (AC +3)
Your magical and physical power is slightly enhanced at high health.
Spells you cast may paralyse adjacent enemies.


Message History

The four-headed hydra roars!
The four-headed hydra bites you.
The four-headed hydra closely misses you.
You block the four-headed hydra's attack.
The four-headed hydra barely misses you.
Being near the torpor snail leaves you feeling lethargic.
The four-headed hydra barely misses you.
The four-headed hydra bites you. x3
You block the torpor snail's attack.
You block the four-headed hydra's attack. x2
The four-headed hydra completely misses you.
You block the four-headed hydra's attack.
The four-headed hydra bites you but does no damage. x2
The four-headed hydra barely misses you.
You block the four-headed hydra's attack.
The four-headed hydra bites you! The four-headed hydra bites you.
The four-headed hydra bites you!
* * * LOW HITPOINT WARNING * * *
The four-headed hydra bites you.
* * * LOW HITPOINT WARNING * * *
Unknown command.
As you read the scroll of fear, it crumbles to dust.
You assume a fearsome visage.
The four-headed hydra looks frightened!
The torpor snail looks frightened!
Found a stone staircase leading down.
You feel yourself speed up.
The yak bellows!
You hear a bellow! x2
A yak comes into view. 2 yaks come into view.
The yak bellows! x4
A yak comes into view. x2
The yak bellows! x2
A yak comes into view.
The yak closely misses you. The yak gores you!
* * * LOW HITPOINT WARNING * * *
Unknown command.
The yak bellows!
The yak gores you!
You die...
Your body crumbles into a pile of gold.

#...... . ...... ## ..... ......
#. P... .#..Y## ...... #. #P...
.YYY.# ##..... #. .... ###
#YY..### ##...... .. ...
####P.##YY.#..##..#..... #.#.#
.......@Y.Y....>........
##.######...#..###..P#..#.#......
........###.## #...#.##.#......
...........#.### #........#......
.###.#......#..###.#..#.####.....
####.≈..........#####.#.####.....
#...≈.###....##.##.#.#D.#..#.....
......≈.##....##.................
.#####...#≈....#.................


You could see 10 yaks.

Vanquished Creatures
  A hydra (Lair:1)
  Erica (Lair:1)
  A two-headed ogre (D:10)
  Pikel (D:8)
  3 black mambas
  4 centaur zombies
  Joseph (D:9)
  6 elephants
  4 cane toads
  An unseen horror (D:8)
  A rime drake (shapeshifter) (D:9)
  3 komodo dragons
  2 trolls (D:10)
  A wraith (D:10)
  16 yaks
  A basilisk (Lair:1)
  A steam dragon (D:8)
  4 water moccasins
  An orc warrior (D:9)
  2 ice beasts (D:5)
  A black bear (D:5)
  A necrophage (D:7)
  7 ogres
  3 centaurs
  6 wolves (Lair:2)
  4 lemures
  A phantom (D:5)
  3 kobold brigands (D:10)
  8 bullfrogs
  Blork the orc (D:4)
  5 gnoll sergeants
  2 scorpions (D:6)
  2 water moccasin zombies
  A wyvern skeleton (D:6)
  9 killer bees
  An electric eel (Lair:2)
  A bullfrog zombie (D:6)
  2 jellies
  3 hounds
  A centaur skeleton (D:7)
  A bullfrog skeleton (D:6)
  Terence (D:3)
  5 iguanas
  5 orc wizards
  A killer bee zombie (D:8)
  18 gnolls
  A howler monkey skeleton (D:4)
  8 adders
  3 white imps (D:7)
  An adder skeleton (D:4)
  2 worms
  2 dart slugs (D:3)
  26 orcs
  5 ball pythons
  6 bats
  An endoplasm (D:1)
  5 giant cockroaches
  13 goblins
  10 hobgoblins
  4 jackals
  2 quokkas (D:4)
  3 frilled lizards
  6 kobolds
  4 rats
250 creatures vanquished.

Vanquished Creatures (others)
  7 fungi
  22 plants
29 creatures vanquished.

Grand Total: 279 creatures vanquished

Notes
Turn   | Place    | Note
-------+----------+-------------------------------------------
     0 | D:1      | flotson the Demonspawn Gladiator began the quest for the
                  | Orb.
     0 | D:1      | Reached XP level 1. HP: 16/16 MP: 1/1
   867 | D:1      | Gained mutation: You have a pair of small horns on your
                  | head. [demonic ancestry]
   867 | D:1      | Reached XP level 2. HP: 22/22 MP: 2/2
  1447 | D:2      | Identified the +3 mace "Rinoprivar" {pain, rF+}
  2145 | D:2      | Reached XP level 3. HP: 28/28 MP: 3/3
  2163 | D:2      | Reached skill level 1 in Armour
  2511 | D:2      | Gained mutation: You are partially covered in slimy green
                  | scales. (AC +2) [demonic ancestry]
  2511 | D:2      | Reached XP level 4. HP: 8/34 MP: 4/4
  2965 | D:3      | Noticed Terence
  2974 | D:3      | Killed Terence
  3215 | D:3      | Gained mutation: You are mostly covered in slimy green
                  | scales. (AC +3) [demonic ancestry]
  3215 | D:3      | Reached XP level 5. HP: 36/40 MP: 5/5
  3847 | D:4      | Noticed Blork the orc
  3911 | D:4      | Killed Blork the orc
  3912 | D:4      | Reached XP level 6. HP: 6/47 MP: 6/6
  4487 | D:4      | Found Keoten's Assorted Antiques.
  4505 | D:4      | Bought a scroll labelled VEPAOCVURCH for 30 gold pieces
  4505 | D:4      | Bought an amethyst potion for 27 gold pieces
  4505 | D:4      | Bought a coppery potion for 27 gold pieces
  4570 | D:4      | Found a shimmering blue altar of Sif Muna.
  4616 | D:4      | Found a stormy altar of Qazlal.
  4999 | D:5      | Entered Level 5 of the Dungeon
  5022 | D:5      | Found Gora's Antique Weapon Shop.
  5082 | D:5      | Noticed a water moccasin
  5098 | D:5      | Killed a water moccasin
  5099 | D:5      | Gained mutation: You have a pair of horns on your head.
                  | [demonic ancestry]
  5099 | D:5      | Reached XP level 7. HP: 16/53 MP: 7/7
  5357 | D:5      | Found a staircase to the Ecumenical Temple.
  5365 | Temple   | Entered the Ecumenical Temple
  5370 | Temple   | Became a worshipper of Gozag Ym Sagoz the Greedy
  5407 | D:5      | Reached skill level 1 in Crossbows
  5681 | D:5      | Found a blossoming altar of Fedhas.
  5876 | D:5      | Reached skill level 1 in Evocations
  6513 | D:5      | Gained mutation: Spells you cast may paralyse adjacent
                  | enemies. [demonic ancestry]
  6513 | D:5      | Reached XP level 8. HP: 55/61 MP: 8/8
  6711 | D:6      | Found a shimmering blue altar of Sif Muna.
  6811 | D:6      | HP: 1/61 [ogre (6)]
  7195 | D:6      | Found a burning altar of Makhleb.
  7290 | D:6      | Reached skill level 5 in Fighting
  7290 | D:6      | Reached skill level 5 in Axes
  7290 | D:6      | Reached skill level 5 in Dodging
  7884 | D:6      | Reached XP level 9. HP: 65/68 MP: 9/9
  8038 | D:6      | Found a basalt altar of Yredelemnul.
  8116 | D:6      | Noticed an angel
  8211 | D:6      | Found a sacrificial altar of Ru.
  9420 | D:8      | Found a broken altar of Ashenzari.
  9555 | D:8      | Noticed Pikel
  9661 | D:8      | Reached skill level 5 in Armour
  9839 | D:8      | HP: 3/69 [something (8)]
 10340 | D:8      | Killed an unseen horror
 10994 | D:8      | Found a broken altar of Ashenzari.
 11047 | D:8      | Killed Pikel
 12323 | D:9      | Noticed Joseph
 12336 | D:9      | Killed Joseph
 12337 | D:9      | Reached skill level 5 in Crossbows
 12337 | D:9      | Reached XP level 10. HP: 77/77 MP: 10/10
 12788 | D:9      | Noticed a black mamba
 12788 | D:9      | a black mamba changed into a rime drake
 13093 | D:9      | Found a snail-covered altar of Cheibriados.
 13676 | D:10     | Entered Level 10 of the Dungeon
 13820 | D:10     | Noticed a two-headed ogre
 13823 | D:10     | Killed a two-headed ogre
 13956 | D:10     | Found a staircase to the Lair.
 13970 | D:10     | Found a hide-covered altar of Uskayaw.
 14036 | D:10     | Found a shimmering altar of Xom.
 14038 | D:10     | Found a shimmering altar of Xom.
 14748 | D:10     | Found a staircase to the Orcish Mines.
 15578 | D:10     | Gained mutation: Your magical and physical power is
                  | slightly enhanced at high health. [demonic ancestry]
 15578 | D:10     | Reached XP level 11. HP: 70/86 MP: 11/11
 15789 | Lair:1   | Entered Level 1 of the Lair of Beasts
 16149 | Lair:1   | Noticed a seven-headed hydra
 16201 | Lair:1   | Killed a one-headed hydra
 16695 | Lair:1   | Noticed Erica
 16717 | Lair:1   | Killed Erica
 17960 | Lair:2   | Found a hole to the Spider Nest.
 18566 | Lair:2   | Reached XP level 12. HP: 91/97 MP: 12/12
 19381 | Lair:2   | Noticed a four-headed hydra
 19416 | Lair:2   | Slain by a yak

Illustrated notes

Levels and vault maps discovered:
D:1:      lightli_arrival_flooded_house, layout_loops_corners, minivault_5,
          grunt_decor_resistance
D:2:      cheibrodos_greedy_goblins, layout_basic
D:3:      layout_loops_cross, uniq_terence
D:4:      layout_basic, mainiacjoe_overflow_alcove_4, serial_shops,
          nicolae_shop_hallway_plus, kennysheep_flooded_box,
          due_unseen_surprise, uniq_blork_the_orc
D:5:      black_bear_nest_2, layout_loops_ring,
          mainiacjoe_overflow_concentric_impassable, minmay_temple_entry_tees,
          serial_shops, nicolae_square_shop, serial_bayou_ford_a,
          kennysheep_generic_room_11
D:6:      layout_basic, makhleb_heckhound_becter, zin_angel,
          nicolae_overflow_crystal_walls, lemuel_crystal_altar,
          lemuel_zombie_altar_yredelemnul
D:7:      layout_gridville
D:8:      layout_gridville, overflow_temple_1_default, uniq_pikel
D:9:      layout_basic, mainiacjoe_overflow_24_doors, item_on_display_a,
          uniq_joseph
D:10:     layout_roguey, lemuel_crystal_altar, xom_redecorated,
          lair_entry_dummy, kennysheep_orc_monster_closet_entryway
Temple:   minmay_freezing_vapour_temple
Lair:1:   layout_roguey, uniq_erica
Lair:2:   hellmonk_ruined_rings, layout_gridlike, spider_nest_entry_web_field

Skill      XL: |  1  2  3  4  5  6  7  8  9 10 11 |
---------------+----------------------------------+-----
Throwing       | 2 3 |  3.2
Axes           | 3 4 5 |  5.2
Dodging        | 3 4 5 6 7 9 |  9.3
Armour         | 1 2 3 4 5 7 8 |  8.8
Fighting       | 3 4 5 6 8 9 |  9.8
Crossbows      | 1 3 5 6 8 |  8.3
Evocations     | 1 3 |  3.1

Action                   |  1- 3 |  4- 6 |  7- 9 | 10-12 || total
-------------------------+-------+-------+-------+-------++-------
Melee: War axe           |    37 |       |   215 |   396 ||   648
       Mace              |    54 |   190 |    15 |       ||   259
       Headbutt          |     8 |    38 |    50 |   101 ||   197
       Punch             |       |     2 |     2 |       ||     4
Throw: Throwing net      |       |     4 |     1 |       ||     5
       Dart              |       |       |    27 |     4 ||    31
Invok: Call Merchant     |       |       |       |     1 ||     1
Evoke: Wand              |       |       |       |     1 ||     1
  Use: Potion            |       |       |     1 |     2 ||     3
       Scroll            |       |       |       |    16 ||    16
 Stab: Sleeping          |       |     2 |       |       ||     2
       Distracted        |       |       |       |     1 ||     1
Armor: Leather armour    |    35 |     6 |       |       ||    41
       Scale mail        |       |    90 |   122 |     3 ||   215
       Chain mail        |       |       |       |   299 ||   299
Dodge: Dodged            |    58 |   126 |   187 |   183 ||   554
Block: Tower shield      |       |       |     7 |   501 ||   508

Table legend: (Time is in decaauts)
 A = Elapsed time spent in this place.
 B = Non-inter-level travel time spent in this place.
 C = Inter-level travel time spent in this place.
 D = Time resting spent in this place.
 E = Time spent auto-exploring this place.
 F = Levels seen in this place.
 G = Mean time per level.
                   A        B        C        D        E       F      G
               +--------+--------+--------+--------+--------+-----+--------+
         Total |  19856 |  19305 |    551 |   1214 |  15280 |  13 | 1527.4 |
       Dungeon |  16062 |  15535 |    527 |    879 |  12511 |  10 | 1606.2 |
        Temple |     10 |      5 |      5 |      0 |      0 |   1 |   10.0 |
          Lair |   3783 |   3764 |     19 |    335 |   2769 |   2 | 1891.5 |
               +--------+--------+--------+--------+--------+-----+--------+

Top non-repeatable levels by time:
  Lair:1: 2857 daAuts
     D:8: 2430 daAuts
     D:9: 2111 daAuts
     D:6: 1940 daAuts
     D:2: 1792 daAuts
     D:5: 1725 daAuts
    D:10: 1693 daAuts
     D:1: 1209 daAuts
     D:4: 1181 daAuts
     D:7: 1082 daAuts
  Lair:2: 925 daAuts
     D:3: 895 daAuts
  Temple: 10 daAuts
